 Dungeon Crawl Stone Soup version 0.27.1-34-g3ba077fa99 (webtiles) character file.

Game seed: 9117779442879664290

1855224 Zappman123 the Hellbinder (level 27, 209/209 (222) HPs)
             Began as a Human Monk on Jan 3, 2022.
             Was a High Priest of Dithmenos.
             Escaped with the Orb
             ... and 4 runes on Jan 8, 2022!
             The game lasted 21:07:54 (113853 turns).

Zappman123 the Hellbinder (Human Monk)            Turns: 113853, Time: 21:07:54

HP:   209/209 (222) AC: 15    Str: 17    XL:     27
MP:   34/41         EV: 25    Int: 24    God:    Dithmenos [*****.]
Gold: 105           SH: 14    Dex: 23    Spells: 3/55 levels left

rFire    + + .     SeeInvis .   a - +12 short sword "Kaipah" {vorpal, rElec rF+ rN+ Dex+4}
rCold    + + .     Faith    .   h - +3 buckler
rNeg     + + +     Spirit   .   J - +2 robe {rC+ rF+}
rPois    ∞         Reflect  +   y - +2 helmet
rElec    +         Harm     .   r - +2 cloak {rPois}
rCorr    .         Rampage  +   M - +2 pair of gloves
Will     ∞         Clarity  +   P - +2 pair of boots {rampage}
Stlth    +++++++++.             s - amulet of Midsummer {Reflect Fly Int+4 SH+5}
HPRegen  0.44/turn              c - ring "Belibig" {rPois rC+ Str+2}
MPRegen  0.27/turn              w - ring of the Mage {Wiz Will++ Int+3}

@: shadow-form, flying, hasted, wreathed by umbra, studying 4 skills, drained,
invisible, very quick
A: shadow resist, half damage, bleed smoke, invisible, clarity, deformed body
0: Orb of Zot
}: 4/15 runes: decaying, serpentine, slimy, silver
a: End Transformation, Renounce Religion, Shadow Step, Shadow Form


You escaped.
You worshipped Dithmenos.
Dithmenos was extremely pleased with you.
You were a swirling mass of dark shadows.
You visited 13 branches of the dungeon, and saw 59 of its levels.
You visited 1 ziggurat, and saw 9 of its levels.

You collected 11477 gold pieces.
You spent 11372 gold pieces at shops.

Inventory:

Hand Weapons
 a - the +12 short sword "Kaipah" (weapon) {vorpal, rElec rF+ rN+ Dex+4}
   (You found it on level 7 of a ziggurat)

   It inflicts extra damage upon your enemies.
   Dex:       It affects your dexterity (+4).
   rF:        It protects you from fire.
   rElec:     It insulates you from electricity.
   rN:        It protects you from negative energy.
 b - the +7 Spriggan's Knife {stab, EV+4 Stlth+}
   (You took it off a deep elf demonologist on level 3 of the Elven Halls)

   It is more effective when stabbing unaware enemies, treating them as though
   they were completely helpless.
   EV:        It affects your evasion (+4).
   Stlth:     It makes you more stealthy.
 D - the +9 rapier of Impeachment {flame, Will- rCorr Str+4 Dex+7}
   (You found it on level 3 of the Crypt)

   It burns those it strikes, dealing additional fire damage.
   Str:       It affects your strength (+4).
   Dex:       It affects your dexterity (+7).
   rCorr:     It protects you from acid and corrosion.
   Will:      It decreases your willpower.
Missiles
 p - 23 atropa-tipped darts (quivered)
 A - 2 throwing nets
 E - 13 curare-tipped darts
 R - 20 silver javelins
 U - 7 datura-tipped darts
Armour
 h - a +3 buckler (worn)
 r - a +2 cloak of poison resistance (worn)
 y - a +2 helmet (worn)
 J - a +2 robe of resistance (worn)
 M - a +2 pair of gloves (worn)
 P - a +2 pair of boots of rampaging (worn)
Jewellery
 c - the ring "Belibig" (left hand) {rPois rC+ Str+2}
   (You found it on level 7 of a ziggurat)

   [ring of protection from cold]

   Str:       It affects your strength (+2).
   rC:        It protects you from cold.
   rPois:     It protects you from poison.
 d - the necklace of Bloodlust {*Rage +Rage Will++ Int-3 Slay+6}
   (You found it on level 5 of the Dungeon)

   [amulet of nothing]

   It extends the wearer's berserk rage when killing foes.
   Int:       It affects your intelligence (-3).
   Slay:      It affects your accuracy & damage with ranged weapons and melee
   (+6).
   +Rage:     It lets you go berserk.
   *Rage:     It may make you go berserk in combat.
   Will:      It greatly increases your willpower.
 f - a ring of protection from fire
 q - the ring "Daghotsez" {*Corrode rElec Int+3 Dex+3 SInv}
   (You took it off a deep elf annihilator on level 3 of the Elven Halls)

   [ring of see invisible]

   Int:       It affects your intelligence (+3).
   Dex:       It affects your dexterity (+3).
   rElec:     It insulates you from electricity.
   SInv:      It lets you see invisible.
   *Corrode:  It may corrode you when you take damage.
 s - the amulet of Midsummer (around neck) {Reflect Fly Int+4 SH+5}
   (You bought it in a shop on level 15 of the Dungeon)

   [amulet of reflection]

   It reflects blocked missile attacks.
   Int:       It affects your intelligence (+4).
   Fly:       It grants you flight.
   SH:        It affects your SH (+5).
 w - the ring of the Mage (right hand) {Wiz Will++ Int+3}
   (You found it on level 1 of the Depths)

   [ring of wizardry]

   It improves your spell success rate.
   Int:       It affects your intelligence (+3).
   Will:      It greatly increases your willpower.
 N - the amulet of Vitality {Regen+ HP+15}
   (You took it off a deep elf knight on level 3 of the Elven Halls)

   [amulet of regeneration]

   HP:        It affects your health (+15).
   Regen:     It increases your rate of health regeneration.
Wands
 k - a wand of iceblast (29)
 m - a wand of digging (32)
 C - a wand of mindburst (5)
 K - a wand of charming (13)
 Q - a wand of acid (8)
 S - a wand of paralysis (33)
 T - a wand of polymorph (25)
Scrolls
 g - 4 scrolls of fear
 n - 4 scrolls of blinking
 o - 3 scrolls of magic mapping
 t - 2 scrolls of amnesia
 H - a scroll of holy word
 X - 9 scrolls of fog
 Y - 3 scrolls of vulnerability
 Z - 21 scrolls of teleportation
Potions
 i - 6 potions of resistance
 u - a potion of brilliance
 B - 19 potions of heal wounds
 F - 3 potions of might
 G - 6 potions of haste
 L - 5 potions of cancellation
 O - 3 potions of magic
 V - 26 potions of curing
Miscellaneous
 e - the horn of Geryon (inert)
 j - a lightning rod (4/4)
 l - a phantom mirror
 v - a condenser vane
 x - a tin of tremorstones (2/2)
 z - a phial of floods


   Skills:
 * Level 19.3 Fighting
 - Level 14.0 Short Blades
 - Level 3.0 Polearms
 - Level 16.0 Throwing
 - Level 15.0 Dodging
 - Level 21.0 Stealth
 - Level 4.0 Shields
 + Level 14.9 Spellcasting
 - Level 4.0 Conjurations
 - Level 15.0 Hexes
 O Level 27 Summonings
 - Level 14.0 Necromancy
 - Level 4.0 Translocations
 - Level 6.0 Transmutations
 - Level 8.0 Ice Magic
 + Level 7.9 Air Magic
 - Level 6.0 Earth Magic
 - Level 10.0 Invocations
 - Level 10.0 Evocations


You had 3 spell levels left.
You knew the following spells:

 Your Spells              Type           Power      Damage    Failure   Level
a - Haunt                 Necr/Summ      14%        N/A       1%          7
b - Sublimation of Blood  Necr           10%        N/A       0%          2
c - Passwall              Tmut/Erth      9%         N/A       1%          2
d - Dragon's Call         Summ           18%        N/A       1%          9
e - Borgnjor's Vile Clut  Necr/Erth      8%         N/A       1%          5
f - Invisibility          Hex            11%        N/A       1%          6
g - Ozocubu's Armour      Ice            14%        N/A       1%          3
h - Silence               Hex/Air        9%         N/A       1%          5
i - Portal Projectile     Hex/Tloc       30%        N/A       1%          3
j - Apportation           Tloc           18%        N/A       1%          1
p - Passage of Golubria   Tloc           N/A        N/A       2%          4
s - Swiftness             Air            14%        N/A       1%          3
C - Blink                 Tloc           N/A        N/A       1%          2

Your spell library contained the following spells:

 Spells                   Type           Power      Damage    Failure   Level
 Animate Skeleton         Necr           42%        N/A       0%          1
 Call Imp                 Summ           36%        N/A       0%          2
 Slow                     Hex            22%        N/A       0%          2
 Confusing Touch          Hex            22%        N/A       0%          3
 Summon Guardian Golem    Hex/Summ       29%        N/A       0%          3
 Tukima's Dance           Hex            22%        N/A       0%          3
 Magic Dart               Conj           36%        1d4       1%          1
 Sandblast                Erth           22%        2d7       1%          1
 Shock                    Conj/Air       44%        1d5       1%          1
 Sting                    Tmut/Pois      32%        1d4       1%          1
 Corpse Rot               Necr/Air       N/A        N/A       1%          2
 Ensorcelled Hibernation  Hex/Ice        36%        N/A       1%          2
 Poisonous Vapours        Pois/Air       18%        N/A       1%          2
 Conjure Flame            Conj/Fire      6%         6-21      1%          3
 Dazzling Flash           Conj/Hex       30%        N/A       1%          3
 Gell's Gravitas          Tloc           4%         N/A       1%          3
 Ignite Poison            Fire/Tmut/Pois 6%         N/A       1%          3
 Lesser Beckoning         Tloc           4%         N/A       1%          3
 Mephitic Cloud           Conj/Pois/Air  9%         N/A       1%          3
 Spider Form              Tmut/Pois      4%         N/A       1%          3
 Stone Arrow              Conj/Erth      20%        3d8       1%          3
 Teleport Other           Tloc           9%         N/A       1%          3
 Summon Mana Viper        Hex/Summ       29%        N/A       0%          5
 Shadow Creatures         Summ           N/A        N/A       0%          6
 Airstrike                Air            7%         N/A       1%          4
 Animate Armour           Summ/Erth      48%        N/A       1%          4
 Cause Fear               Hex            11%        N/A       1%          4
 Dispel Undead            Necr           21%        3d11      1%          4
 Hailstorm                Conj/Ice       11%        3d5       1%          4
 Leda's Liquefaction      Hex/Erth       8%         N/A       1%          4
 Petrify                  Tmut/Erth      11%        N/A       1%          4
 Agony                    Necr           21%        N/A       1%          5
 Excruciating Wounds      Necr           10%        N/A       1%          5
 Metabolic Englaciation   Hex/Ice        9%         N/A       1%          5
 Summon Forest            Summ/Tloc      11%        N/A       1%          5
 Yara's Violent Unravell  Hex/Tmut       8%         3d5       1%          5
 Death Channel            Necr           10%        N/A       1%          6
 Spellforged Servitor     Conj/Summ      11%        N/A       1%          7
 Iskenderun's Mystic Bla  Conj/Tloc      9%         2d4       2%          4
 Simulacrum               Ice/Necr       8%         N/A       2%          6
 Blade Hands              Tmut           5%         N/A       3%          5
 Lee's Rapid Deconstruct  Erth           5%         3d7*      3%          5
 Irradiate                Conj/Tmut      5%         3d15      4%          5
 Sticky Flame             Conj/Fire      6%         2d3       6%          4
 Manifold Assault         Tloc           9%         N/A       7%          5
 Bolt of Magma            Conj/Fire/Erth 4%         4d5       9%          5
 Alistair's Intoxication  Tmut/Pois      5%         N/A       11%         5
 Olgreb's Toxic Radiance  Pois           4%         N/A       13%         4
 Statue Form              Tmut/Erth      7%         N/A       16%         6
 Iron Shot                Conj/Erth      5%         9d2       26%         6
 Infestation              Necr           10%        N/A       26%         8
 Dispersal                Tloc           4%         N/A       34%         6
 Starburst                Conj/Fire      3%         6d3       61%         6
 Dragon Form              Tmut           5%         N/A       65%         7
 Orb of Destruction       Conj           4%         9d2       88%         7
 Death's Door             Necr           10%        N/A       98%         9
 Lehudib's Crystal Spear  Conj/Erth      5%         10d3      100%        8
 Shatter                  Erth           5%         3d8*      100%        9


Dungeon Overview and Level Annotations

Branches:
Dungeon (15/15)            Temple (1/1) D:5            Lair (6/6) D:9
  Swamp (4/4) Lair:4        Snake (4/4) Lair:4        Slime (5/5) Lair:5
    Orc (2/2) D:12            Elf (3/3) Orc:2        Vaults (5/5) D:14
  Crypt (3/3) Vaults:2       Tomb (0/3) Crypt:3      Depths (5/5) D:15
   Hell (visited)             Dis (0/7) Hell            Geh (0/7) Hell
    Coc (0/7) Hell            Tar (0/7) Hell            Zot (5/5) Depths:5

Altars:
Ashenzari
Cheibriados
Dithmenos
Elyvilon
Fedhas
Gozag
Hepliaklqana
Kikubaaqudgha
Makhleb
Nemelex Xobeh
Okawaru
Qazlal
Ru
Sif Muna
Trog
Uskayaw
Vehumet
Wu Jian
Xom
Yredelemnul
Zin
The Shining One
Beogh
Jiyva

Shops:
D:1 [   D:5 (   D:12 *   D:15 =   Orc:2 (:?(*:   Elf:1 *   Snake:1 *
Snake:2 :   Vaults:1 :   Vaults:3 :!?   Vaults:4 :![*   Vaults:5 !!!!([?:!!!?
Depths:1 =

Portals:
Hell: Depths:1 Depths:2 Depths:3 Depths:4 Depths:5
Abyss: Depths:4
Pandemonium: Orc:2 Depths:1 Depths:3 Depths:4

Annotations:
Lair:5 exclusion: downstairs
Lair:6 exclusion: obsidian statue
Snake:2 exclusion: downstairs
Snake:3 exclusion: downstairs, Agnes
Snake:4 Mara
Slime:2 exclusion: shining eye
Elf:2 exclusion: downstairs
Vaults:3 exclusion: door
Crypt:2 exclusion: downstairs
Depths:3 boris
Depths:4 exclusion: downstairs
Zot:1 exclusion: downstairs


Innate Abilities, Weirdness & Mutations

You are a swirling mass of dark shadows.
You are immune to unholy torment and to willpower attacks.
Damage taken is halved, but you are drained when taking damage.
Your attacks are insubstantial and do half damage.
You bleed smoke when taking damage.
You are invisible.
You are immune to poison.
Your spellcasting is less reliable in this form.
You possess an exceptional clarity of mind.
Armour fits poorly on your strangely shaped body.


Message History

Okay, then.
Unknown command.
You can't go up here!
You can't go down here!
Unknown command.
Unknown command.
Press: ? - help, v - describe, . - travel The floor.
This square is wreathed by an umbra and is covered in magical glow.
Unknown command.
Unknown command.
You feel yourself speed up.
You turn into a swirling mass of dark shadows.
You feel drained.
You fade into the shadows.
An Orb Guardian comes into view.
You take 9 damage, and have 213/213 hp.
Unknown command.
Unknown command.
The hellion gestures at something.
The sphere of damnation explodes!
The damnation engulfs you!!
You emit a cloud of dark smoke.
You feel drained.
There is an entrance to Amozur's Antique Armour Shoppe here.
You take 10 damage, and have 203/209 hp.
Unknown command.
An Orb Guardian is nearby!
Casting: Passwall (safe; 1% risk of failure)
Confirm with . or Enter, or press ? or * to list all spells.
Aiming: Passwall (safe; 1% risk of failure)
Press: ? - help, Dir - move target A rock wall.
This square is wreathed by an umbra and is covered in magical glow.
You feel an extremely numb sensation.
You begin to meditate on the wall.
You continue meditating on the rock.
HP restored.
You continue meditating on the rock.
You finish merging with the rock.
There is a staircase leading out of the dungeon here.
You have escaped!

............####.#######
###.#.########.....## #
#.#.......#.#8≈8#.# #
#.#..####.#.#≈≈≈#.# ###.#..#
#.#.#8≈8#.# ..#....#
#.#.#≈≈≈#.# .####.##
#.#.#8≈8#.# .# #.#
#.##.....## .# #.#
#.###.W.## .## #.#
#.################
..###.#####.#.....##.......#
............#.###.##.#####.#
...##.#######.# #.##.# #.#
.#.##.X.......# #.##.# #.#
.#.##.###########.##.# #.#
.#.##.##........[....# #.#
.#.##.##.########.########.#


There were no monsters in sight!

Vanquished Creatures
  the Royal Jelly (Slime:5)
  2 dread liches (Zot:5)
  4 orbs of fire
  An ancient lich (Vaults:5)
  Mennas (Vaults:4)
  Sojobo (Crypt:3)
  Vashnia (Snake:3)
  Bai Suzhen (Depths:1)
  2 Killer Klowns (Zot:5)
  Saint Roka (Orc:2)
  3 curse toes
  Xtahua (Vaults:3)
  3 caustic shrikes (Depths:5)
  Geryon (Hell)
  A profane servitor (Crypt:3)
  Jory (Vaults:3)
  6 golden dragons
  2 bone dragons
  8 tentacled monstrosities
  Jorgrun (D:13)
  Rupert (Lair:4)
  12 Orb Guardians (Zot:5)
  3 titans
  3 liches
  36 acid blobs
  2 deep elf blademasters
  2 deep elf master archers (Elf:3)
  7 quicksilver dragons
  6 ancient champions
  2 sphinxes
  11 death cobs
  9 storm dragons
  3 thorn hunters
  5 shadow dragons
  Donald (Vaults:4)
  4 draconian monks
  4 tengu reavers
  8 azure jellies (Slime:5)
  6 deep elf sorcerers
  10 nagarajas
  4 revenants
  A ghost moth (Zot:1)
  2 fenstrider witches (Swamp:4)
  4 iron dragons (Depths:2)
  10 rockslimes
  3 fire giants
  An orc warlord (Vaults:4)
  8 vault wardens
  9 frost giants
  9 draconian knights
  A cacodemon (Depths:3)
  Louise (Snake:4)
  7 draconian annihilators
  7 draconian scorchers
  2 curse skulls
  7 draconian stormcallers
  3 draconian shifters
  Aizul (Snake:1)
  3 deep elf elementalists
  12 ghouls
  2 spriggan defenders
  13 stone giants
  9 ironbound preservers
  15 quicksilver oozes
  3 war gargoyles
  2 reapers
  33 very ugly things
  A stone giant (shapeshifter) (Zig:4)
  6 vampire knights
  14 black draconians
  Nessos (D:13)
  A caustic shrike skeleton (Crypt:1)
  11 green draconians
  9 deep elf demonologists
  3 nameless horrors
  Azrael (Snake:1)
  A lorocyproca (Depths:4)
  10 white draconians
  8 deep elf annihilators
  8 yellow draconians
  9 spark wasps
  4 bunyips
  7 purple draconians
  6 dire elephants
  18 red draconians
  4 entropy weavers
  9 deep elf death magi
  Snorg (Orc:2)
  A deep elf high priest (Vaults:5)
  6 eleionomae
  3 merfolk javelineers
  17 jiangshi
  7 ettins
  8 fire dragons
  2 merfolk impalers (Zig:9)
  2 crystal guardians (Depths:3)
  Josephine (D:15)
  10 great orbs of eyes
  22 hydras
  4 shambling mangroves
  The ghost of Zatibaps the Spry, a journeyman FeVM of Dithmenos (Swamp:3)
  8 yaktaur captains
  3 boulder beetles
  24 naga warriors
  4 rakshasas
  Erolcha (Orc:2)
  2 peacekeepers (Vaults:4)
  A monstrous demonspawn (Depths:3)
  32 vault guards
  8 ironbound thunderhulks
  2 boulder beetles (shapeshifter)
  A catoblepas (D:15)
  2 salamander tyrants
  Erica (D:11)
  2 spriggan air magi (Depths:4)
  7 ironbound frosthearts
  4 ice dragons
  3 ogre magi
  18 anacondas
  A spectral stone giant (Crypt:3)
  6 death knights
  15 alligators
  9 centaur warriors
  8 two-headed ogres
  The ghost of vvlvvlvvl the Frost Mage, a novice DrIE (D:9)
  6 tengu warriors
  3 deep troll earth magi
  2 death scarabs (Zig:1)
  A hell hog (Hell)
  5 death yaks
  2 ironbound beastmasters (Vaults:2)
  3 deep troll shamans
  16 dancing weapons
  A shock serpent (shapeshifter) (Vaults:2)
  10 orc high priests
  4 vampire magi
  3 spriggan berserkers
  5 shock serpents
  14 naga sharpshooters
  Sonja (Lair:4)
  2 spectral dire elephants (Lair:6)
  13 spriggans
  2 iron trolls
  5 sixfirhies
  2 sun demons
  30 hell knights
  A storm dragon zombie (Crypt:2)
  3 soul eaters
  12 deep elf knights
  A spectral death yak (Lair:6)
  4 shadow wraiths (Crypt:3)
  25 skeletal warriors
  2 anaconda zombies
  13 bog bodies
  A shadow demon (Depths:1)
  2 death drakes (Swamp:3)
  4 glowing orange brains
  7 goliath frogs
  4 spriggan druids
  8 naga ritualists
  4 salamander mystics
  4 sea snakes
  23 deep trolls
  2 gelid demonspawn
  2 infernal demonspawn
  6 phantasmal warriors
  12 orc knights
  A shadow dragon zombie (Hell)
  9 wizards
  19 swamp dragons
  A spectral anaconda (Lair:6)
  7 flayed ghosts
  19 ironbound convokers
  3 lindwurms (shapeshifter)
  24 deep elf pyromancers
  8 deep elf archers
  14 necromancers
  37 ugly things
  7 mana vipers
  A tengu skeleton (Vaults:1)
  10 orc sorcerers
  6 harpies (Zig:9)
  An oklob plant (Lair:3)
  A sphinx skeleton (Vaults:1)
  29 deep elf zephyrmancers
  A stone giant zombie (Vaults:3)
  3 will-o-the-wisps
  A wolf spider (shapeshifter) (Vaults:5)
  4 manticores
  A human zombie (Vaults:1)
  2 shining eyes
  A faun (shapeshifter) (Vaults:5)
  A faun (Zig:9)
  15 elephants
  23 moths of wrath
  3 cyclopes
  10 rust devils
  14 salamanders
  4 guardian serpents
  16 vault sentinels
  Joseph (D:9)
  35 black mambas
  3 centaur zombies
  A water nymph (Zig:9)
  An elf zombie (Vaults:1)
  11 cane toads
  A molten gargoyle (Hell)
  5 orange demons
  25 naga magi
  A torpor snail (shapeshifter) (Depths:5)
  An eye of devastation (shapeshifter) (Depths:5)
  2 eyes of devastation
  4 gargoyles
  4 smoke demons
  A torpor snail (Lair:5)
  Maggie (D:9)
  2 unseen horrors
  15 yaktaurs
  2 centaur skeletons (D:15)
  2 rime drakes
  A kobold demonologist (D:12)
  A yaktaur zombie (Vaults:1)
  6 ice devils
  4 freezing wraiths
  2 efreet
  4 tengu conjurers
  A death yak skeleton (Crypt:1)
  2 hellwings
  14 komodo dragons
  A demonic crawler (Hell)
  2 red devils
  A purple draconian skeleton (Crypt:1)
  5 trolls
  A pale draconian skeleton (Crypt:1)
  3 meliai (D:15)
  A queen bee (shapeshifter) (D:13)
  A grey draconian skeleton (Crypt:1)
  A troll (shapeshifter) (Elf:1)
  2 bloated husks
  5 merfolk (Zig:9)
  3 polar bears (Lair:3)
  A wolf spider simulacrum (Hell)
  6 tyrant leeches
  A wind drake (Zig:9)
  14 hornets
  A queen bee (Lair:1)
  A human skeleton (Vaults:3)
  149 slime creatures
  3 blink frogs (Lair:2)
  A harpy skeleton (Crypt:3)
  4 dream sheep (Lair:5)
  A fire dragon skeleton (Hell)
  A centaur simulacrum (D:15)
  A frost giant simulacrum (Vaults:3)
  An alligator skeleton (Crypt:2)
  47 flying skulls
  A spriggan (shapeshifter) (Elf:3)
  4 shadows
  4 air elementals
  2 tarantellas (shapeshifter)
  A ynoxinul (Depths:3)
  7 redbacks
  13 water elementals
  5 wyverns
  26 yaks
  2 fire bats (Depths:2)
  2 neqoxecs (Depths:3)
  15 wraiths
  18 fire elementals
  Grum (D:9)
  3 death yak simulacra
  3 basilisks
  2 chaos spawn
  3 small abominations (Crypt:3)
  A yaktaur simulacrum (Vaults:3)
  7 wargs
  2 elf skeletons (Vaults:1)
  10 vampire mosquitoes
  2 spectral cane toads (Lair:6)
  58 nagas
  17 swamp worms
  A large abomination (Crypt:3)
  5 hell hounds (Snake:1)
  An ogre zombie (Vaults:3)
  3 acid dragons
  14 water moccasins
  11 swamp drakes (Swamp:4)
  A hornet zombie (Crypt:2)
  A monstrous demonspawn skeleton (Crypt:1)
  32 orc warriors
  3 sky beasts
  3 black bears
  A blink frog zombie (Crypt:2)
  An ice dragon simulacrum (Crypt:3)
  A snapping turtle zombie (Crypt:2)
  11 necrophages
  2 alligator simulacra (Hell)
  12 ogres
  3 elephant skeletons (Lair:6)
  8 wolves
  8 centaurs
  A phantom (D:6)
  An octopode zombie (Crypt:1)
  A kobold brigand (D:12)
  7 scorpions
  2 palentonga zombies
  2 gnoll sergeants
  16 bullfrogs
  2 cane toad simulacra (Lair:6)
  An ogre simulacrum (Vaults:1)
  7 earth elementals
  A wyvern skeleton (D:6)
  A salamander skeleton (Crypt:1)
  A water moccasin skeleton (D:4)
  26 killer bees
  7 electric eels
  A bullfrog zombie (D:7)
  6 jellies
  4 hounds
  23 orc priests
  2 bullfrog skeletons (D:5)
  A gnoll shaman (D:6)
  3 iguanas
  24 orc wizards
  A polar bear simulacrum (Lair:2)
  A wolf simulacrum (Lair:2)
  A killer bee zombie (D:6)
  A sky beast zombie (Crypt:2)
  A felid skeleton (Crypt:1)
  A mummy (Zig:1)
  2 howler monkey zombies
  12 gnolls
  12 adders
  A shadow imp (D:7)
  A white imp (D:6)
  3 ufetubi
  An adder skeleton (D:4)
  2 worms
  2 dart slugs
  67 orcs
  11 ball pythons
  8 endoplasms
  3 giant cockroaches
  7 hobgoblins
  9 kobolds
  4 quokkas
  3 training dummies (D:5)
  7 bats
  6 frilled lizards
  6 goblins
  4 rats
  4 briar patches (Swamp:4)
2357 creatures vanquished.

Vanquished Creatures (collateral kills)
  A dread lich (Zig:8)
  An ancient lich (Zig:8)
  An orb of fire (Zot:5)
  Boris (Vaults:5)
  6 Killer Klowns (Zot:5)
  3 curse toes
  5 golden dragons
  2 caustic shrikes (Depths:5)
  the Enchantress (Depths:5)
  A Brimstone Fiend (Depths:2)
  2 electric golems (Zot:5)
  7 tentacled monstrosities
  13 Orb Guardians (Zot:5)
  4 quicksilver dragons
  2 titans (Vaults:5)
  An acid blob (Depths:1)
  A death cob (Zot:1)
  A sphinx (Zig:8)
  5 shadow dragons
  3 tengu reavers
  2 storm dragons (Zot:5)
  A fenstrider witch (Zig:5)
  3 fire giants (Vaults:5)
  3 iron dragons
  3 draconian monks
  4 vault wardens
  A draconian knight (Zot:2)
  2 cacodemons (Depths:2)
  A draconian scorcher (Zot:2)
  A draconian shifter (Zot:2)
  5 ironbound preservers
  2 very ugly things (Vaults:5)
  A reaper (Hell)
  2 stone giants (Vaults:5)
  2 spriggan defenders (Depths:5)
  4 draconian annihilators
  2 war gargoyles
  6 black draconians
  2 green draconians
  A lorocyproca (Hell)
  A yellow draconian (Depths:5)
  2 white draconians (Zot:1)
  A deep elf annihilator (Vaults:5)
  7 purple draconians
  6 red draconians
  A deep elf death mage (Vaults:5)
  A green death (Depths:2)
  6 ettins
  5 blizzard demons
  A merfolk javelineer (Depths:5)
  5 yaktaur captains
  A kraken zombie (Hell)
  A great orb of eyes (Depths:2)
  3 ice dragons
  A spriggan air mage (Depths:5)
  2 ogre magi (Vaults:5)
  An alligator snapping turtle (Zig:9)
  A satyr (Zig:9)
  3 hell hogs (Hell)
  A spriggan berserker (Depths:5)
  A soul eater (Hell)
  12 sun demons
  2 hell knights (Depths:2)
  A shadow wraith (Vaults:5)
  A glowing orange brain (Depths:5)
  5 deep trolls
  A swamp dragon (shapeshifter) (Vaults:5)
  A kraken simulacrum (Hell)
  3 harpies (Zig:9)
  An anaconda skeleton (Hell)
  3 ironbound convokers (Vaults:5)
  2 phantasmal warriors
  2 necromancers
  2 ugly things
  2 fauns (Zig:9)
  An ice statue (Hell)
  6 moths of wrath
  3 rust devils
  4 vault sentinels
  2 molten gargoyles (Hell)
  9 smoke demons
  A hellion (Hell)
  4 ice devils
  2 hydra zombies (Hell)
  A freezing wraith (Vaults:5)
  2 red devils (Hell)
  A harpy skeleton (Hell)
  A merfolk (Zig:9)
  2 hornets (Depths:5)
  2 hydra skeletons (Hell)
  A slime creature (Depths:1)
  An ettin zombie (Hell)
  A snapping turtle (Zig:9)
  2 spriggans (Depths:5)
  4 water elementals
  4 humans (Depths:2)
  3 ice beasts (Zig:6)
  An alligator simulacrum (Hell)
  A tentacle (Hell)
257 creatures vanquished.

Vanquished Creatures (others)
  Boris (Depths:3)
  A fire giant (Vaults:5)
  2 war gargoyles
  A deep elf demonologist (Elf:3)
  A soul eater (Hell)
  A deep troll (Vaults:2)
  3 harpies (Zig:9)
  A manticore (Zig:9)
  An ice devil (Hell)
  A merfolk (Zig:9)
  A bloated husk (Swamp:2)
  A meliai simulacrum (D:15)
  A swamp drake (Swamp:4)
  A bush (Lair:6)
  16 foxfires
  58 fungi
  77 plants
  8 tentacles (Hell)
  22 withered plants (Lair:6)
198 creatures vanquished.

Grand Total: 2812 creatures vanquished

Notes
Turn   | Place    | Note
-------+----------+-------------------------------------------
     0 | D:1      | Zappman123 the Human Monk began the quest for the Orb.
     0 | D:1      | Reached XP level 1. HP: 18/18 MP: 1/1
    53 | D:1      | Found Amozur's Antique Armour Shoppe.
   193 | D:1      | Reached XP level 2. HP: 24/24 MP: 2/2
   996 | D:1      | Reached XP level 3. HP: 12/29 MP: 3/3
  1502 | D:1      | Found a faded altar of an unknown god.
  2070 | D:2      | Reached skill level 1 in Short Blades
  2137 | D:2      | Learned a level 2 spell: Ensorcelled Hibernation
  2166 | D:3      | Reached XP level 4. HP: 34/35 MP: 4/4
  2169 | D:3      | Noticed a bullfrog
  2213 | D:2      | Found a broken altar of Ashenzari.
  2820 | D:4      | Noticed a black bear
  2822 | D:4      | Killed a black bear
  2823 | D:4      | Reached XP level 5. HP: 40/41 MP: 5/5
  2837 | D:3      | Killed a bullfrog
  2838 | D:3      | Reached XP level 6. HP: 44/47 MP: 6/6
  2848 | D:3      | Found a shimmering blue altar of Sif Muna.
  2999 | D:4      | Found a burning altar of Makhleb.
  3044 | D:4      | Reached skill level 5 in Stealth
  3125 | D:1      | Bought a glowing helmet for 112 gold pieces
  3625 | D:4      | You fall into a shaft and drop 3 floors!
  3727 | D:7      | Reached skill level 5 in Short Blades
  3727 | D:7      | Reached XP level 7. HP: 52/52 MP: 7/7
  4126 | D:6      | Reached XP level 8. HP: 38/58 MP: 8/8
  4680 | D:5      | Entered Level 5 of the Dungeon
  4867 | D:5      | Found a white marble altar of Elyvilon.
  4868 | D:5      | Found an iron altar of Okawaru.
  5092 | D:5      | Found a staircase to the Ecumenical Temple.
  5092 | D:5      | Found a stormy altar of Qazlal.
  5102 | Temple   | Entered the Ecumenical Temple
  5141 | Temple   | Became a worshipper of Dithmenos the Shadowed
  5141 | Temple   | Reached * piety under Dithmenos
  5141 | Temple   | Reached ** piety under Dithmenos
  5345 | D:5      | Found the necklace of Bloodlust {*Rage +Rage Will++ Int-3
                  | Slay+6}
  5431 | D:5      | Reached skill level 10 in Stealth
  5431 | D:5      | Reached XP level 9. HP: 59/63 MP: 9/9
  5649 | D:5      | Found Tiokonio's Firing Range.
  5954 | D:4      | Found a broken altar of Ashenzari.
  6627 | D:6      | Found a shimmering altar of Xom.
  6951 | D:8      | Noticed a two-headed ogre
  7029 | D:8      | Found a viscous altar of Jiyva.
  7194 | D:8      | Killed a two-headed ogre
  7262 | D:8      | Reached XP level 10. HP: 70/70 MP: 10/10
  7637 | D:8      | Found a sparkling altar of Nemelex Xobeh.
  7778 | D:9      | Found a transporter.
  8024 | D:9      | Noticed vvlvvlvvl's ghost (novice DrIE)
  8025 | D:9      | Noticed a moth of wrath
  8027 | D:9      | Noticed a komodo dragon
  8028 | D:9      | Noticed a komodo dragon
  8054 | D:9      | Found a blossoming altar of Fedhas.
  8056 | D:9      | Noticed Maggie
  8171 | D:9      | Found a transporter.
  8442 | D:9      | Killed Maggie
  8823 | D:9      | Found a staircase to the Lair.
  8847 | D:9      | Noticed a komodo dragon
  8875 | D:9      | Killed a komodo dragon
  8985 | D:10     | Entered Level 10 of the Dungeon
  8986 | D:10     | Noticed a centaur warrior
  9214 | D:9      | Noticed Joseph
 10032 | D:9      | Killed Joseph
 10033 | D:9      | Reached XP level 11. HP: 29/75 MP: 6/11
 10277 | D:9      | Noticed Grum
 10279 | D:9      | Killed Grum
 10605 | D:10     | Noticed a two-headed ogre
 11408 | D:9      | Noticed a manticore
 11460 | Lair:1   | Entered Level 1 of the Lair of Beasts
 11463 | Lair:1   | Reached skill level 10 in Short Blades
 12216 | Lair:2   | Noticed a five-headed hydra
 12239 | Lair:2   | Noticed a four-headed hydra
 12364 | Lair:2   | Noticed a six-headed hydra
 13029 | Lair:1   | Reached *** piety under Dithmenos
 13387 | Lair:1   | Reached XP level 12. HP: 85/85 MP: 12/12
 13521 | Lair:2   | Identified the +0 pair of boots of Agios {rElec rF- rC+
                  | Str+4}
 13556 | Lair:3   | Reached skill level 5 in Fighting
 13556 | Lair:3   | Reached skill level 5 in Dodging
 13627 | Lair:3   | Reached skill level 15 in Stealth
 13696 | Lair:4   | Noticed a seven-headed hydra
 13697 | Lair:4   | Killed a seven-headed hydra
 14721 | Lair:4   | Noticed Rupert
 14789 | Lair:3   | Noticed a death yak
 14789 | Lair:3   | Noticed a death yak
 14790 | Lair:3   | Noticed a death yak
 14790 | Lair:3   | Noticed a death yak
 15883 | Lair:1   | Killed a death yak
 16335 | Lair:1   | Killed a death yak
 16585 | Lair:1   | Killed a death yak
 16814 | Lair:1   | Killed a death yak
 17011 | Lair:4   | Noticed an eight-headed hydra
 17020 | Lair:4   | Killed an eight-headed hydra
 17021 | Lair:4   | Reached XP level 13. HP: 98/98 MP: 13/13
 17070 | Lair:4   | Found a staircase to the Snake Pit.
 17379 | Lair:4   | Noticed Sonja
 17383 | Lair:4   | Killed Sonja
 17498 | Lair:4   | Found a staircase to the Swamp.
 17664 | Lair:3   | Reached skill level 1 in Throwing
 18017 | Lair:5   | Noticed a boulder beetle
 18133 | Lair:5   | Killed a boulder beetle
 18134 | Lair:5   | Reached skill level 10 in Dodging
 18539 | Lair:5   | Learned a level 2 spell: Passwall
 18591 | Lair:5   | Reached skill level 5 in Throwing
 18660 | Lair:5   | Found a staircase to the Slime Pits.
 19207 | Lair:4   | Killed Rupert
 19838 | Lair:6   | Entered Level 6 of the Lair of Beasts
 19920 | Lair:6   | Identified the +7 mace of Roudo {vorpal, Fragile rC+ Str+3
                  | Dex+5}
 19932 | Lair:6   | Identified a scroll of acquirement
 19932 | Lair:6   | Acquired a staff of poison
 20024 | Lair:6   | Reached skill level 1 in Hexes
 20116 | Lair:5   | Reached skill level 1 in Spellcasting
 21011 | Lair:5   | Reached XP level 14. HP: 91/105 MP: 16/16
 21099 | Lair:5   | Learned a level 2 spell: Ensorcelled Hibernation
 21433 | Lair:6   | Reached skill level 1 in Ice Magic
 21437 | Lair:6   | Reached **** piety under Dithmenos
 21641 | Lair:6   | Identified the +6 rapier "Qajuj" {vamp, Dex+4}
 21854 | Lair:6   | Noticed a dire elephant
 21855 | Lair:6   | Noticed a dire elephant
 21855 | Lair:6   | Noticed a dire elephant
 22802 | D:10     | Found a basalt altar of Yredelemnul.
 22913 | D:12     | Found Zutach's Assorted Antiques.
 22921 | D:12     | Bought a grey potion for 21 gold pieces
 23192 | D:5      | Bought a manual of Throwing for 1040 gold pieces
 24411 | D:11     | Noticed Erica
 24666 | D:11     | Killed Erica
 24667 | D:11     | Reached skill level 5 in Hexes
 24769 | D:11     | Reached skill level 10 in Throwing
 25429 | D:12     | Found a staircase to the Orcish Mines.
 26294 | D:13     | Noticed Jorgrun
 26297 | D:13     | Killed Jorgrun
 26321 | D:13     | Noticed Nessos
 26335 | D:13     | Killed Nessos
 26814 | D:1      | Bought a pair of embroidered boots for 112 gold pieces
 27864 | D:15     | Entered Level 15 of the Dungeon
 28028 | D:15     | Noticed Josephine
 28163 | D:15     | Found a staircase to the Depths.
 28188 | D:15     | Reached XP level 15. HP: 110/110 MP: 22/22
 28214 | D:15     | Reached skill level 5 in Spellcasting
 28327 | D:15     | Identified the +0 robe of Fyvegup {Regen+}
 29206 | D:14     | Learned a level 6 spell: Invisibility
 30088 | D:15     | Found Dusu's Jewellery Shoppe.
 30463 | Orc:1    | Entered Level 1 of the Orcish Mines
 30666 | Snake:1  | Entered Level 1 of the Snake Pit
 30932 | Snake:1  | Learned a level 3 spell: Ozocubu's Armour
 32033 | Snake:1  | Reached skill level 1 in Shields
 32379 | Snake:1  | Found Huma's Overcharged Wands.
 32568 | Snake:2  | Reached skill level 10 in Hexes
 32736 | Snake:2  | Noticed a nagaraja
 32751 | Snake:2  | Killed a nagaraja
 33036 | Snake:2  | Reached XP level 16. HP: 117/117 MP: 26/26
 33696 | Snake:2  | Found Keogin's Book Boutique.
 33723 | Snake:2  | Noticed a nagaraja
 33907 | Snake:2  | Killed a nagaraja
 34196 | Snake:2  | Learned a level 5 spell: Metabolic Englaciation
 34477 | Snake:3  | Reached ***** piety under Dithmenos
 35650 | Swamp:1  | Entered Level 1 of the Swamp
 36073 | Lair:6   | Learned a level 1 spell: Apportation
 36808 | Lair:6   | Identified the +12 scimitar of Malaise {vorpal, rF- rN+
                  | Int+2}
 36999 | Lair:6   | Identified the +7 mace "Uboeceaf" {vorpal, MP+9 Str+7}
 38117 | Orc:2    | Entered Level 2 of the Orcish Mines
 38128 | Orc:2    | Noticed Saint Roka
 38199 | Orc:2    | Found Rulogu's Antique Weapon Shop.
 38216 | Orc:2    | Noticed Erolcha
 38220 | Orc:2    | Killed Erolcha
 38309 | Orc:2    | Noticed Snorg
 38322 | Orc:2    | Killed Snorg
 38380 | Orc:2    | Found Vacomod's Self-Improvement Boutique.
 38406 | Orc:2    | Found a staircase to the Elven Halls.
 38699 | D:15     | Bought the amulet of Midsummer {Reflect Fly Int+4 SH+5} for
                  | 712 gold pieces
 39290 | Orc:2    | Found Yklabaz's Magic Scroll Boutique.
 39290 | Orc:2    | Found Yrod's General Store.
 39881 | Orc:1    | Reached XP level 17. HP: 121/122 MP: 27/27
 40954 | Orc:2    | Killed Saint Roka
 41530 | Snake:2  | Bought a book of Burglary for 336 gold pieces
 41534 | Snake:2  | Learned a level 3 spell: Swiftness
 41724 | Snake:3  | Reached skill level 15 in Hexes
 42476 | Snake:4  | Entered Level 4 of the Snake Pit
 42567 | Snake:3  | Noticed Agnes
 42590 | Snake:3  | Noticed Vashnia
 42674 | Snake:2  | Reached skill level 5 in Ice Magic
 43455 | Snake:2  | Reached skill level 5 in Air Magic
 43921 | Orc:2    | Reached ****** piety under Dithmenos
 45126 | Orc:2    | Found Cahyk's Antique Weapon Emporium.
 45126 | Orc:2    | Found Urre Cotz's Book Shoppe.
 45126 | Orc:2    | Found a one-way gate leading to the halls of Pandemonium.
 45970 | Orc:2    | Reached skill level 1 in Invocations
 46207 | D:9      | Reached skill level 1 in Transmutations
 46213 | D:9      | Reached skill level 1 in Earth Magic
 46230 | D:9      | Killed vvlvvlvvl's ghost
 46268 | D:9      | Reached skill level 1 in Translocations
 46701 | Swamp:1  | Learned a level 4 spell: Cause Fear
 46791 | Swamp:1  | Reached XP level 18. HP: 129/129 MP: 23/28
 47693 | Swamp:4  | Entered Level 4 of the Swamp
 47825 | Swamp:3  | Reached skill level 1 in Evocations
 48630 | Swamp:4  | Reached skill level 5 in Evocations
 48732 | Swamp:3  | Identified the +0 robe "Lycomeirph" {+Inv Regen+ Int+2}
 49163 | Swamp:3  | Found a runed translucent door.
 49163 | Swamp:3  | Found a shimmering altar of Xom.
 49163 | Swamp:3  | Noticed Zatibaps's ghost (journeyman FeVM)
 50657 | D:14     | Reached XP level 19. HP: 134/134 MP: 31/31
 51182 | D:14     | Found a gate to the Vaults.
 51387 | Depths:1 | Entered Level 1 of the Depths
 51419 | Depths:1 | Found a gateway to a ziggurat.
 51444 | Depths:1 | Found Deik's Jewellery Boutique.
 51585 | Depths:1 | Found a gateway to Hell.
 51747 | Depths:1 | Found the ring of the Mage {Wiz Will++ Int+3}
 51748 | Depths:1 | Found a runed translucent door.
 51760 | Depths:1 | Reached skill level 10 in Spellcasting
 51868 | Depths:1 | Noticed Bai Suzhen
 52574 | Depths:2 | Found a burning altar of Makhleb.
 52574 | Depths:2 | Noticed a Brimstone Fiend
 52852 | Depths:1 | Found a transporter.
 52862 | Depths:1 | Found a transporter.
 52862 | Depths:1 | Found a viscous altar of Jiyva.
 53124 | D:15     | Killed Josephine
 53699 | Snake:1  | Noticed Aizul
 54204 | Orc:2    | Bought a book of the Senses for 448 gold pieces
 54208 | Orc:2    | Learned a level 3 spell: Dazzling Flash
 54214 | Orc:2    | Learned a level 5 spell: Silence
 54263 | Elf:1    | Entered Level 1 of the Elven Halls
 54301 | Elf:1    | Reached skill level 1 in Conjurations
 54306 | Elf:1    | Found Dopriuwk's General Store.
 54328 | Elf:1    | Identified the +6 quarterstaff of Valour {freeze, Int+4
                  | SInv}
 54670 | Elf:1    | You are sucked into a shaft and drop 1 floor!
 54684 | Elf:3    | Entered Level 3 of the Elven Halls
 54693 | Elf:3    | Reached skill level 5 in Transmutations
 54716 | Elf:3    | Reached skill level 5 in Earth Magic
 54773 | Elf:2    | Reached XP level 20. HP: 141/141 MP: 28/34
 55707 | Elf:2    | Found a huge runed translucent gate.
 55707 | Elf:2    | Found a huge runed translucent gate.
 55707 | Elf:2    | Found a huge runed translucent gate.
 55707 | Elf:2    | Found a huge runed translucent gate.
 55707 | Elf:2    | Found a huge runed translucent gate.
 56001 | Elf:1    | Identified the +1 hand axe of Truth {vorpal, Dex+4}
 56374 | Elf:2    | Reached skill level 10 in Evocations
 56866 | Elf:3    | Identified the ring "Soammig" {Fly AC+4 Str+3 Slay+3}
 57156 | Elf:3    | Identified the ring "Daghotsez" {*Corrode rElec Int+3 Dex+3
                  | SInv}
 58669 | Swamp:4  | Got a decaying rune of Zot
 58769 | Swamp:4  | Reached XP level 21. HP: 147/147 MP: 29/35
 59741 | Vaults:1 | Entered Level 1 of the Vaults
 59741 | Vaults:1 | Found Gyes's Book Shoppe.
 59868 | Vaults:2 | Found a staircase to the Crypt.
 59873 | Crypt:1  | Entered Level 1 of the Crypt
 61042 | Crypt:2  | Learned a level 3 spell: Summon Guardian Golem
 61151 | Crypt:2  | Reached skill level 1 in Summonings
 61268 | Crypt:3  | Entered Level 3 of the Crypt
 61309 | Crypt:3  | Noticed Sojobo
 61328 | Crypt:3  | Paralysed by an air elemental for 1 turns
 61393 | Crypt:2  | Reached skill level 2 in Summonings
 62024 | Crypt:2  | Reached skill level 3 in Summonings
 63143 | Vaults:1 | Reached skill level 4 in Summonings
 63177 | Vaults:1 | Reached XP level 22. HP: 153/153 MP: 36/36
 63627 | Vaults:3 | Found Oheig's Distillery.
 63635 | Vaults:3 | Learned a level 3 spell: Portal Projectile
 63654 | Vaults:3 | Learned a level 5 spell: Yara's Violent Unravelling
 63659 | Vaults:3 | Learned a level 4 spell: Passage of Golubria
 64196 | Snake:2  | Bought a manual of Fighting for 960 gold pieces
 66242 | Vaults:3 | Reached skill level 10 in Fighting
 67071 | Vaults:3 | Noticed Xtahua
 67073 | Vaults:3 | Killed Xtahua
 67231 | Vaults:3 | Found Eposich's Book Boutique.
 67419 | Vaults:2 | Reached XP level 23. HP: 169/169 MP: 34/37
 67540 | Vaults:3 | Found Axeqaev's Magic Scroll Shop.
 68080 | Vaults:3 | Noticed Jory
 68082 | Vaults:3 | Killed Jory
 68159 | Vaults:4 | Found Resat's General Store.
 68182 | Vaults:4 | Bought a scroll of enchant weapon for 127 gold pieces
 68290 | Vaults:4 | Found Fyanom's Antique Armour Shop.
 68311 | Vaults:4 | Noticed Donald
 68331 | Vaults:4 | Killed Donald
 68746 | Vaults:4 | Found Hokax's Distillery.
 68860 | Vaults:4 | Found Xinurim's Book Emporium.
 69032 | Vaults:4 | Reached skill level 15 in Dodging
 69240 | Vaults:4 | Noticed Mennas
 69969 | Snake:1  | Killed Aizul
 70000 | Snake:1  | Noticed Azrael
 70001 | Snake:1  | Killed Azrael
 70847 | Vaults:3 | Bought a book of Spatial Translocations for 546 gold pieces
 71238 | Slime:1  | Entered Level 1 of the Pits of Slime
 71636 | Slime:2  | Reached skill level 15 in Fighting
 71663 | Slime:2  | Reached XP level 24. HP: 188/188 MP: 32/37
 71772 | Slime:5  | Entered Level 5 of the Pits of Slime
 72054 | Slime:2  | Learned a level 2 spell: Blink
 72243 | Slime:2  | You are sucked into a shaft and drop 2 floors!
 73042 | Slime:4  | Reached skill level 5 in Summonings
 74129 | Snake:3  | Killed Vashnia
 74130 | Snake:3  | Reached skill level 6 in Summonings
 74643 | Snake:4  | Reached skill level 7 in Summonings
 74683 | Snake:4  | Noticed Mara
 74690 | Snake:4  | Noticed Zappman123's illusion
 74756 | Snake:4  | Noticed Louise
 74763 | Snake:4  | Killed Louise
 75444 | Snake:4  | Reached skill level 8 in Summonings
 76005 | Snake:4  | Reached XP level 25. HP: 177/197 MP: 23/39
 76154 | Snake:4  | Reached skill level 9 in Summonings
 76226 | Snake:3  | Gained mutation: You are frail. (-10% HP) [mutagenic glow]
 76505 | Snake:4  | Got a serpentine rune of Zot
 76636 | Snake:4  | Reached skill level 10 in Summonings
 76906 | Slime:5  | Found a viscous altar of Jiyva.
 76962 | Slime:5  | Noticed the Royal Jelly
 77053 | Slime:5  | Reached skill level 11 in Summonings
 77959 | Slime:5  | Killed the Royal Jelly
 77960 | Slime:5  | Reached skill level 12 in Summonings
 78543 | Slime:5  | Identified the +0 robe "Viefebu" {+Blink Will- rCorr
                  | Slay+2}
 78545 | Slime:5  | Got a slimy rune of Zot
 78604 | Slime:5  | Learned a level 4 spell: Petrify
 78998 | Orc:2    | Bought a scroll of magic mapping for 49 gold pieces
 78998 | Orc:2    | Bought a potion of heal wounds for 70 gold pieces
 78998 | Orc:2    | Bought a scroll of magic mapping for 49 gold pieces
 78998 | Orc:2    | haste pot
 78998 | Orc:2    | ?
 79231 | Elf:3    | Identified the +1 halberd of Bulaopt {pain, Fragile rElec
                  | rCorr}
 79709 | Elf:3    | Reached skill level 13 in Summonings
 79948 | Elf:3    | Identified the +3 great sword "Duofewir" {antimagic, rElec
                  | Str+2}
 80866 | Crypt:3  | Reached skill level 14 in Summonings
 81051 | Crypt:3  | Killed Sojobo
 81259 | Crypt:3  | Reached skill level 15 in Summonings
 81508 | Crypt:3  | Reached XP level 26. HP: 172/183 MP: 39/39
 81518 | Crypt:3  | Found a basalt altar of Yredelemnul.
 81575 | Crypt:3  | Reached skill level 16 in Summonings
 82782 | Crypt:3  | Reached skill level 17 in Summonings
 82838 | Crypt:3  | Got Vapnow's Guide on Dark Rituals
 83331 | Crypt:3  | Identified the +9 rapier of Impeachment {flame, Will- rCorr
                  | Str+4 Dex+7}
 83518 | Crypt:3  | Reached skill level 18 in Summonings
 83575 | Crypt:3  | Found a staircase to the Tomb.
 83867 | Depths:1 | Killed Bai Suzhen
 84244 | Depths:2 | Reached skill level 19 in Summonings
 86268 | Depths:3 | Reached skill level 20 in Summonings
 86466 | Depths:3 | Identified the +8 quarterstaff of Ufroir {vorpal, rC+ Will+
                  | Int-2}
 86902 | Depths:3 | Noticed Boris
 87074 | Depths:4 | Found a one-way gate to the infinite horrors of the Abyss.
 87076 | Depths:4 | Reached XP level 27. HP: 189/189 MP: 39/39
 87358 | Depths:4 | Identified the +9 chain mail of Nikkyrgh {Int+4}
 87474 | Depths:5 | Entered Level 5 of the Depths
 87592 | Depths:4 | Identified the +0 scale mail "Fugarr" {Rampage rCorr Dex+3}
 87648 | Depths:4 | Reached skill level 21 in Summonings
 89065 | Depths:5 | Reached skill level 22 in Summonings
 90348 | Lair:1   | Learned a level 9 spell: Dragon's Call
 90560 | Snake:3  | Learned a level 7 spell: Haunt
 90563 | Snake:3  | Learned a level 2 spell: Sublimation of Blood
 90890 | Zig:1    | Entered Level 1 of a ziggurat
 90903 | Zig:2    | Entered Level 2 of a ziggurat
 90911 | Zig:2    | Identified the +7 war axe of Ykiduq {freeze, rC+ rN+}
 91011 | Zig:3    | Entered Level 3 of a ziggurat
 91145 | Zig:4    | Entered Level 4 of a ziggurat
 91170 | Zig:4    | Identified the ring of Weonu {rC+ AC+4}
 91251 | Zig:5    | Entered Level 5 of a ziggurat
 91253 | Zig:5    | Found the +8 longbow "Zephyr" {speed, Dex+3 SInv}
 91411 | Zig:5    | Identified the +6 flail of Heghisy {speed, rCorr Str+7
                  | Stlth-}
 91514 | Zig:6    | Entered Level 6 of a ziggurat
 91570 | Zig:6    | Acquired 857 gold pieces
 91743 | Zig:6    | Gained mutation: You have a pair of small horns on your
                  | head. [mutagenic glow]
 91744 | Zig:6    | Lost mutation: You are frail. (-10% HP) [potion of
                  | mutation]
 91744 | Zig:6    | Lost mutation: You have a pair of small horns on your head.
                  | [potion of mutation]
 91744 | Zig:6    | Gained mutation: Your spells are a little easier to cast,
                  | but a little less powerful. [potion of mutation]
 91744 | Zig:6    | Gained mutation: You possess an exceptional clarity of
                  | mind. [potion of mutation]
 91744 | Zig:6    | Lost mutation: Your spells are a little easier to cast, but
                  | a little less powerful. [potion of mutation]
 91868 | Zig:7    | Entered Level 7 of a ziggurat
 91892 | Zig:7    | Identified the +7 short sword of Fiethruso {flame, *Corrode
                  | Str+5}
 91893 | Zig:7    | Identified the +6 spear of Hobrott {vorpal, Drain rN++
                  | Will+ rCorr}
 91894 | Zig:7    | Identified the ring "Belibig" {rPois rC+ Str+2}
 91897 | Zig:7    | Identified the +12 short sword "Kaipah" {vorpal, rElec rF+
                  | rN+ Dex+4}
 91905 | Zig:7    | Got the Incunabulum of Excruciating Evil
 91907 | Zig:7    | Identified the +0 robe of the Eternal Fruit {rCorr Str+4}
 92035 | Zig:8    | Entered Level 8 of a ziggurat
 92038 | Zig:8    | Noticed an ancient lich
 92038 | Zig:8    | Noticed a dread lich
 92041 | Zig:8    | Reached skill level 23 in Summonings
 92050 | Zig:8    | Killed a dread lich
 92053 | Zig:8    | Killed an ancient lich
 92054 | Zig:8    | Found the macabre finger necklace {rN+}
 92202 | Zig:8    | Identified the -3 helmet of Lucidity {Harm Will+}
 92213 | Zig:9    | Entered Level 9 of a ziggurat
 92224 | Zig:9    | Reached skill level 24 in Summonings
 92414 | Zig:9    | Identified the +0 robe of Fortification {Int+3}
 92419 | Zig:9    | Identified the +1 ice dragon scales "Hehadoll" {rF- rC++
                  | rN+ rCorr Str-2 Stlth+}
 92770 | Swamp:3  | Killed Zatibaps's ghost
 93208 | Hell     | Entered the Vestibule of Hell
 93208 | Hell     | Noticed Geryon
 93218 | Hell     | Killed Geryon
 93983 | Hell     | Found a gateway to the Iron City of Dis.
 94132 | Hell     | Found a gateway to the freezing wastes of Cocytus.
 94135 | Hell     | Reached skill level 25 in Summonings
 94300 | Hell     | Found a gateway to the decaying netherworld of Tartarus.
 94366 | Hell     | Found a gateway to the ashen valley of Gehenna.
 94782 | Depths:2 | Got The Hermit's Heritage Continued
 94784 | Depths:2 | Identified the +5 chain mail of the Falcon {rCorr Dex+2}
 94787 | Depths:2 | Got the Papyrus of Damage Dealing
 95164 | Depths:5 | Noticed the Enchantress
 95169 | Depths:5 | Killed the Enchantress
 95599 | Depths:5 | Found a gate to the Realm of Zot.
 96604 | Depths:5 | Found a white marble altar of Elyvilon.
 96754 | Zot:1    | Entered Level 1 of the Realm of Zot
 96775 | Zot:1    | Reached skill level 26 in Summonings
 97036 | Zot:1    | Reached skill level 1 in Necromancy
 98477 | Zot:2    | Noticed an orb of fire
 98723 | Zot:2    | Gained mutation: Armour fits poorly on your strangely
                  | shaped body. [an orb of fire]
 98734 | Zot:2    | Killed an orb of fire
 99878 | Zot:3    | Reached skill level 5 in Necromancy
 99879 | Zot:3    | Reached skill level 27 in Summonings
101386 | Zot:3    | Reached skill level 10 in Necromancy
101416 | Zot:3    | Noticed an orb of fire
101459 | Zot:3    | Killed an orb of fire
101720 | Zot:4    | Reached skill level 5 in Invocations
101994 | Zot:5    | Entered Level 5 of the Realm of Zot
103531 | Orc:2    | Bought a scroll of teleportation for 33 gold pieces
103531 | Orc:2    | Bought a scroll of teleportation for 33 gold pieces
103531 | Orc:2    | Bought a scroll of torment for 82 gold pieces
103587 | Elf:1    | Bought a scroll of fog for 28 gold pieces
103587 | Elf:1    | Bought a scroll of blinking for 105 gold pieces
103679 | D:12     | Bought a wand of digging (6) for 192 gold pieces
103679 | D:12     | Bought a potion of resistance for 240 gold pieces
103895 | Snake:1  | Bought a wand of digging (15) for 646 gold pieces
104156 | Orc:2    | Bought a manual of Throwing for 1200 gold pieces
104643 | Vaults:4 | Bought a potion of heal wounds for 80 gold pieces
104643 | Vaults:4 | Bought a potion of heal wounds for 80 gold pieces
104715 | Vaults:4 | Bought a manual of Fighting for 1680 gold pieces
105115 | Depths:1 | Learned a level 5 spell: Borgnjor's Vile Clutch
105174 | Depths:1 | Got Sif Muna's Disquisition on Frigorific Stones
105196 | Depths:1 | Identified the ring "Rinuifi" {EV+4 Slay+2}
105841 | Depths:3 | Killed Boris
106073 | Vaults:3 | Bought a potion of curing for 45 gold pieces
106073 | Vaults:3 | Bought a potion of haste for 150 gold pieces
106155 | Vaults:4 | Killed Mennas
106546 | Vaults:5 | Entered Level 5 of the Vaults
106557 | Vaults:5 | Reached skill level 15 in Throwing
107324 | Vaults:5 | Noticed Boris
107676 | Vaults:5 | Noticed an ancient lich
107679 | Vaults:5 | Killed Boris
107684 | Vaults:5 | Killed an ancient lich
108072 | Vaults:5 | Found Boweuco's Distillery.
108072 | Vaults:5 | Found Lystrich's Distillery.
108289 | Vaults:5 | Found Feivaulu's Distillery.
108305 | Vaults:5 | Found Onuan's Magic Scroll Emporium.
108325 | Vaults:5 | Found Qalinyago's Magic Scroll Boutique.
108334 | Vaults:5 | Found Quthipika's Distillery.
108506 | Vaults:5 | Found Hobid's Distillery.
109321 | Vaults:5 | Found Girchat's Distillery.
109574 | Vaults:5 | Found Pourhuqo's Antique Weapon Shop.
109577 | Vaults:5 | Found Taidd's Antique Armour Shoppe.
109589 | Vaults:5 | Got a silver rune of Zot
109646 | Vaults:5 | Found Utastey's Distillery.
109654 | Vaults:5 | Found Muikes's Book Boutique.
110155 | Vaults:5 | Bought a potion of haste for 110 gold pieces
110155 | Vaults:5 | Bought a potion of haste for 110 gold pieces
110176 | Vaults:5 | Bought a potion of haste for 140 gold pieces
110176 | Vaults:5 | Bought a potion of haste for 140 gold pieces
110176 | Vaults:5 | Bought a potion of magic for 112 gold pieces
110199 | Vaults:5 | Bought 2 potions of resistance for 240 gold pieces
110199 | Vaults:5 | Bought a potion of haste for 120 gold pieces
110229 | Vaults:5 | Bought 2 potions of magic for 304 gold pieces
110250 | Vaults:5 | Bought a potion of resistance for 140 gold pieces
110250 | Vaults:5 | Bought a potion of haste for 140 gold pieces
110250 | Vaults:5 | Bought a potion of haste for 140 gold pieces
110287 | Vaults:5 | Bought a potion of haste for 180 gold pieces
110287 | Vaults:5 | Bought a potion of resistance for 180 gold pieces
110336 | Vaults:5 | Bought 2 potions of heal wounds for 140 gold pieces
110814 | Zot:5    | Reached skill level 10 in Invocations
110939 | Zot:5    | Noticed an orb of fire
110940 | Zot:5    | Killed an orb of fire
111049 | Zot:5    | Noticed a Killer Klown
111064 | Zot:5    | Killed a Killer Klown
111212 | Zot:5    | Learned a level 1 spell: Apportation
111244 | Zot:5    | Noticed a Killer Klown
111248 | Zot:5    | Noticed an orb of fire
111404 | Zot:5    | Noticed a Killer Klown
111405 | Zot:5    | Noticed a Killer Klown
111409 | Zot:5    | Killed a Killer Klown
111417 | Zot:5    | Killed a Killer Klown
111622 | Zot:5    | Killed an orb of fire
111861 | Zot:5    | Identified the +3 great sword of Adoeg {speed, rCorr}
111902 | Zot:5    | Noticed a dread lich
111962 | Zot:5    | Killed a dread lich
112149 | Zot:5    | Noticed a dread lich
112151 | Zot:5    | Noticed an orb of fire
112152 | Zot:5    | Noticed a Killer Klown
112169 | Zot:5    | Killed an orb of fire
112176 | Zot:5    | Killed a dread lich
112179 | Zot:5    | Noticed a Killer Klown
112187 | Zot:5    | Killed a Killer Klown
112190 | Zot:5    | Killed a Killer Klown
112532 | Zot:5    | Noticed a Killer Klown
112549 | Zot:5    | Killed a Killer Klown
112549 | Zot:5    | Noticed a Killer Klown
112556 | Zot:5    | Killed a Killer Klown
112568 | Zot:5    | Killed a Killer Klown
113260 | Zot:5    | Got the Orb of Zot
113853 | D:$      | Escaped with the Orb!

Illustrated notes

[).).......#...###.....#......#..
..........#....##................
[......).........#.......#.......
.............#...........#.......
........#......#.#.#.....#.......
.....#........#####..............
....##....##.#### #..............
...#......#.###[####.............
...........###∩.@###.............
....)....####[[.[.###............
.......#####..#.#[.###...........
........###.).[..)[.###..........
.......###...#[#.#...###.........
......###....)[.[)[...###........
.....###).#.#.....#.#..###.......
....###[.##....#....##..###......
[..###[.###...###[..###..###.....


Turn 78998 on Orc:2: haste pot

Levels and vault maps discovered:
D:1:      lightli_arrival_statue_moat, layout_basic, serial_shops,
          nicolae_shop_crystal, shapermc_ecumenical_altar_hornbeckon
D:2:      layout_loops_cross, basic_altar
D:3:      layout_basic, overflow_temple_1_default
D:4:      layout_rooms, mainiacjoe_overflow_brackets, bloody_makhleb,
          minmay_bisected
D:5:      old_forge, layout_basic, mainiacjoe_overflow_tiny_flanked,
          gammafunk_temple_overflow_statue, minmay_temple_entry_antechambers,
          nrook_mini_vaults, nicolae_shop_firing_range
D:6:      layout_basic, amcnicky_altar_gilded
D:7:      layout_basic, grunt_ministairs_14
D:8:      layout_basic, nemelex_spade_bored_becter, jiyva_altar_1
D:9:      layout_cave_pools, kennysheep_mini_moat,
          grunt_lair_entry_orc_guard_hut, gammafunk_ghost_berserking_beasts,
          uniq_grum, uniq_joseph, uniq_maggie
D:10:     layout_loops_ring, mainiacjoe_overflow_alcove_1, chequers_arboretum,
          st_stairs_4
D:11:     layout_grid_maze, uniq_erica
D:12:     layout_loops_ring, orc_0_dummy, serial_shops, shop_coins,
          grunt_ministairs_13
D:13:     layout_layer_cave, uniq_jorgrun, uniq_nessos
D:14:     layout_basic, david_vaults_5, nicolae_lava_and_water
D:15:     grunt_enter_depths_magical_seal, layout_basic, serial_shops, shop,
          minivault_14, uniq_josephine
Temple:   nicolae_temple_x_marks_the_god
Lair:1:   layout_gridlike, special_room [special_room_bee], grunt_megastairs_2,
          infiniplex_staircase_pool
Lair:2:   layout_chaotic_city, portal_ice_cave_entry_ice_simulacra,
          chequers_serial_rivers_micro_c, grunt_megastairs_1
Lair:3:   layout_regular_city, serial_bayou_ford_a, cheibrodos_lair_lostbears
Lair:4:   layout_long_grid, swamp_mist, guppyfry_snake_entry_island,
          serial_bayou_shore_a, uniq_sonja, uniq_rupert
Lair:5:   layout_big_grid, nicolae_slime_entry_slimehenge, worms_lemuel,
          grunt_megastairs_4
Lair:6:   due_jungle_book, layout_concentric_octagons, minivault_23,
          hibernation_bobbens
Swamp:1:  layout_basic_swamp, evilmike_swamp_ruin_house_3, swamp_pool3
Swamp:2:  layout_basic_swamp, evilmike_swamp_ruin_house_1, swamp_pool1,
          infiniplex_staircase_pool_2
Swamp:3:  nzn_winding_woodlands_three_and_one
          [nzn_winding_woodlands_5x15_parted,
          nzn_winding_woodlands_5x15_sidewinder, nzn_winding_woodlands_5x15_eye,
          nzn_winding_woodlands_center_lodge], layout_basic_swamp,
          ebering_ghost_xom, evilmike_swamp_ruin_house_2, swamp_pool2
Swamp:4:  swamp_basic_johnstein, layout_basic_swamp, swamp_pool2
Snake:1:  minmay_snake_river, layout_concentric_octagons, grunt_ministairs_2,
          nicolae_shop_overcharged_wands, uniq_aizul, uniq_azrael
Snake:2:  layout_concentric_octagons, serial_shops, nicolae_shop_stone
Snake:3:  layout_cave_pods, uniq_agnes, uniq_vashnia
Snake:4:  snake_pit, layout_cave_town, uniq_mara, uniq_louise
Slime:1:  layout_caves
Slime:2:  layout_caves
Slime:3:  layout_caves
Slime:4:  nicolae_slime_pool, layout_caves
Slime:5
Orc:1:    layout_caves, basic_altar, guppyfry_orc_lava_fort
Orc:2:    pf_orc_diabolical, layout_caves, basic_altar, serial_shops, shop,
          nicolae_shop_self_help, uniq_erolcha, uniq_snorg, uniq_saint_roka
Elf:1:    eino_elf_arrival_the_gate, layout_rooms, serial_sigils,
          serial_sigils_hangedman_shear, serial_sigils_hangedman_quiver,
          serial_sigils_hangedman_shear, serial_sigils_hangedman_snap,
          serial_shops, shop, minmay_elf_demonology
Elf:2:    elven_hall_of_blades_hangedman_alternative
          [nicolae_blade_entry_area_security], layout_gridlike
Elf:3:    grunt_elf_hall_branching, layout_loops_ring, nrook_uturn
Vaults:1: nicolae_vaults_stairing_the_circle, nicolae_vaults_network_periphery,
          ontoclasm_vaults_tryst, v_misc_9, v_misc_15, v_alt_pattern_4,
          nicolae_vaults_alarming, vaults_mumra_lcd, v_misc_2, st_lines,
          ontoclasm_vaults_chip, nicolae_vaults_little_squares_3,
          layout_vaults_ring, serial_shops, shop
Vaults:2: v_misc_13, st_eye, v_misc_28, v_misc_18,
          nicolae_vaults_yaktaur_gun_rack, vaults_dpeg_encased_lava,
          hangedman_vaults_restitches, vaults_room_corners,
          ontoclasm_vaults_twist, hangedman_vaults_corner_blocks,
          v_alt_pattern_3, nicolae_vaults_bisected_slash,
          dpeg_vaults_monster_box, vaults_room_pool, vaults_dpeg_hooks,
          layout_vaults_omnicross
Vaults:3: hangedman_vaults_nails, v_misc_27, v_alt_pattern_4,
          nicolae_vaults_hallways_thing, hangedman_vaults_stagger,
          vaults_room_large_hall, vaults_room_pools,
          nicolae_vaults_specimen_jars, v_misc_14, nicolae_vaults_shelves_hall,
          layout_vaults_big_room, serial_shops, shop_statue, shop, shop,
          uniq_margery, uniq_xtahua, uniq_jory
Vaults:4: vaults_room_fours, hangedman_vaults_corner_blocks,
          nicolae_vaults_network_square, v_alt_pattern_3,
          hangedman_vaults_corner, vaults_standard_mumra_x, v_misc_25,
          v_misc_10, layout_vaults_omnibox, serial_shops, shop_coins,
          nicolae_shop_crystal, shop, shop, uniq_donald, uniq_mennas
Vaults:5: serial_shops
Crypt:1:  layout_basic
Crypt:2:  layout_chaotic_city
Crypt:3:  grunt_crypt_end_deaths_head, uniq_sojobo
Depths:1: gammafunk_jiyva_shrine, layout_basic, enter_ziggurat_e,
          rand_demon_pan_entry_7, minmay_misc_feat_rows, hell_entry,
          serial_shops, nicolae_square_shop, kennysheep_treasure_room,
          uniq_bai_suzhen
Depths:2: evilmike_makhleb_hellhole, layout_honeycomb, hell_entry,
          minmay_metal_thing
Depths:3: constructs_gauntlet_mu_hangedman, layout_cave_pools,
          grunt_pan_entry_in_and_out, minmay_misc_feat_columns, hell_entry
Depths:4: minmay_ornate_pinched, layout_cave_shapes, abyss_entry,
          grunt_pan_entry_spiral, grunt_decor_mini_mirrors, hell_entry,
          infiniplex_staircase_pillars_2
Depths:5: grunt_twist_and_shout, layout_gridville, nicolae_elyvilon_temple_path,
          pf_coc_iceberg, serial_bayou_shore_b, uniq_enchantress
Hell
Zot:1:    layout_misc_corridors
Zot:2:    layout_misc_corridors
Zot:3:    lemuel_firehouse, layout_onion
Zot:4:    layout_gridlike
Zot:5:    layout_basic, grunt_ministairs_5

Skill      XL: |  1  2  3  4  5  6  7  8  9 10 11 12 13 14 15 16 17 18 19 20 21 22 23 24 25 26 27 |
---------------+----------------------------------------------------------------------------------+-----
Stealth        | 3 4 5 8 10 12 13 14 15 16 17 18 19 20 21 | 21.0
Short Blades   | 1 3 5 8 10 11 13 14 | 14.0
Fighting       | 4 8 11 15 16 19 | 19.3
Dodging        | 4 9 10 11 13 14 15 | 15.0
Throwing       | 8 12 16 | 16.0
Hexes          | 3 6 10 14 15 | 15.0
Spellcasting   | 1 4 7 8 10 12 14 | 14.9
Ice Magic      | 4 8 |  8.0
Shields        | 4 |  4.0
Air Magic      | 6 7 |  7.9
Invocations    | 2 4 10 | 10.0
Transmutations | 2 4 5 6 |  6.0
Earth Magic    | 2 4 5 6 |  6.0
Translocations | 2 4 |  4.0
Evocations     | 8 9 10 | 10.0
Conjurations   | 2 4 |  4.0
Summonings     | 4 8 15 20 27 | 27.0
Necromancy     | 14 | 14.0
Polearms       | |  3.0

Action                   |  1- 3 |  4- 6 |  7- 9 | 10-12 | 13-15 | 16-18 | 19-21 | 22-24 | 25-27 || total
-------------------------+-------+-------+-------+-------+-------+-------+-------+-------+-------++-------
Melee: Spear             |    88 |       |       |       |       |       |       |       |       ||    88
       Dagger            |    46 |   103 |   204 |   569 |   638 |   620 |       |    36 |       ||  2216
       Rapier            |       |       |       |       |   209 |   991 |  1103 |  1164 |  1169 ||  4636
       Knife             |       |       |       |       |       |       |       |       |   306 ||   306
       Short sword       |       |       |       |       |       |       |       |       |   413 ||   413
Throw: Stone             |    12 |     3 |    10 |   126 |   288 |   459 |       |       |       ||   898
       Boomerang         |       |    15 |    13 |    92 |    64 |    57 |    59 |    48 |   328 ||   676
       Dart              |       |       |     9 |   109 |    18 |       |       |       |    20 ||   156
       Throwing net      |       |       |       |     2 |       |       |     5 |       |       ||     7
       Javelin           |       |       |       |       |       |       |       |       |    55 ||    55
 Cast: Ensorcelled Hiber |       |       |       |       |     9 |    47 |    26 |    71 |    15 ||   168
       Passwall          |       |       |       |       |     7 |     5 |    17 |    11 |    30 ||    70
       Ozocubu's Armour  |       |       |       |       |     3 |    35 |    16 |    35 |    56 ||   145
       Invisibility      |       |       |       |       |       |    56 |    57 |    59 |    94 ||   266
       Metabolic Englaci |       |       |       |       |       |    14 |     6 |    16 |    18 ||    54
       Swiftness         |       |       |       |       |       |     9 |     4 |     3 |    10 ||    26
       Cause Fear        |       |       |       |       |       |     1 |     1 |       |       ||     2
       Dazzling Flash    |       |       |       |       |       |       |    10 |    30 |     6 ||    46
       Silence           |       |       |       |       |       |       |     7 |       |    20 ||    27
       Passage of Golubr |       |       |       |       |       |       |       |     5 |    10 ||    15
       Yara's Violent Un |       |       |       |       |       |       |       |    10 |     6 ||    16
       Summon Guardian G |       |       |       |       |       |       |       |     1 |       ||     1
       Petrify           |       |       |       |       |       |       |       |       |    15 ||    15
       Blink             |       |       |       |       |       |       |       |       |    14 ||    14
       Dragon's Call     |       |       |       |       |       |       |       |       |    59 ||    59
       Haunt             |       |       |       |       |       |       |       |       |    55 ||    55
       Apportation       |       |       |       |       |       |       |       |       |    21 ||    21
       Portal Projectile |       |       |       |       |       |       |       |       |     8 ||     8
       Sublimation of Bl |       |       |       |       |       |       |       |       |     4 ||     4
Invok: Shadow Step       |       |       |     1 |     5 |     6 |       |     7 |    11 |    19 ||    49
       Shadow Form       |       |       |       |       |       |       |       |       |    10 ||    10
 Abil: Evoke Berserk Rag |       |       |       |     2 |     5 |     4 |       |       |       ||    11
Evoke: Wand              |       |       |     1 |     7 |    19 |    13 |    20 |    38 |    72 ||   170
       Lightning rod     |       |       |       |       |       |       |    19 |     8 |    56 ||    83
       Tin of tremorston |       |       |       |       |       |       |     3 |     2 |    11 ||    16
       Phial of floods   |       |       |       |       |       |       |     2 |     2 |     7 ||    11
       Box of beasts     |       |       |       |       |       |       |       |       |     4 ||     4
       Condenser vane    |       |       |       |       |       |       |       |       |     8 ||     8
       Phantom mirror    |       |       |       |       |       |       |       |       |     7 ||     7
       Horn of Geryon    |       |       |       |       |       |       |       |       |     8 ||     8
  Use: Scroll            |       |       |     1 |    10 |    22 |     3 |     7 |    11 |    35 ||    89
       Potion            |       |       |       |     4 |     6 |     2 |     3 |     1 |    33 ||    49
 Stab: Sleeping          |     9 |    11 |    18 |    32 |    74 |   108 |   179 |   236 |   422 ||  1089
       Held in net/web   |       |       |       |     2 |       |       |     2 |       |       ||     4
       Distracted        |       |       |       |     2 |     2 |     4 |     3 |     5 |    27 ||    43
       Invisible         |       |       |       |       |       |   118 |   140 |   103 |    54 ||   415
       Paralysed         |       |       |       |       |       |       |     3 |    12 |     6 ||    21
       Fleeing           |       |       |       |       |       |       |       |       |     1 ||     1
       Petrifying        |       |       |       |       |       |       |       |       |     2 ||     2
Armor: Robe              |    14 |    26 |    86 |   133 |   122 |   212 |   113 |   135 |   238 ||  1079
       Skin              |       |       |       |       |    51 |     1 |     3 |       |       ||    55
Dodge: Dodged            |    67 |    43 |   100 |   327 |   397 |   680 |   419 |   451 |   943 ||  3427
Block: Buckler           |       |       |       |       |    22 |   685 |   381 |   416 |   869 ||  2373
       Reflection        |       |       |       |       |       |    17 |     7 |    25 |    36 ||    85
